 Dungeon Crawl Stone Soup version 0.30.0-19-g36f170ea60 (webtiles) character file.

Game seed: 3545227481501213990

1162 PaiMei the Ducker (level 8, -2/62 HPs)
             Began as a Merfolk Ice Elementalist on May 30, 2023.
             Slain by a cyan ugly thing (15 damage)
             ... on level 6 of the Dungeon.
             The game lasted 00:11:37 (6582 turns).

PaiMei the Ducker (Merfolk Ice Elementalist)        Turns: 6582, Time: 00:11:38

Health: -2/62      AC:  3    Str:  9    XL:     8   Next: 39%
Magic:  15/15      EV: 15    Int: 16    God:
Gold:   176        SH:  0    Dex: 14    Spells: 12/16 levels left

rFire   . . .        E - +2 whip (flame)
rCold   . . .        (no shield)
rNeg    . . .        a - +0 robe
rPois   .            n - +0 hat
rElec   .            (no cloak)
rCorr   .            G - +0 pair of gloves
SInv    .            (no boots)
Will    .....        (no amulet)
Stlth   ++           (no ring)
HPRegen 0.30/turn    (no ring)
MPRegen 0.14/turn

%: no passive effects
@: no status effects
A: (nimble swimmer 2), mertail
a: no special abilities


You were on level 6 of the Dungeon.
You visited 1 branch of the dungeon, and saw 6 of its levels.

You collected 209 gold pieces.
You spent 33 gold pieces at shops.

Inventory:

Hand Weapons
 c - a +0 club
 e - a +0 dagger of speed
 y - a +0 sling
 E - a +2 whip of flaming (weapon)
Missiles
 j - 49 stones
 B - 2 throwing nets
Armour
 a - a +0 robe (worn)
 n - a +0 hat (worn)
 G - a +0 pair of gloves (worn)
Jewellery
 D - a +6 ring of strength
Scrolls
 d - 3 scrolls of identify
 f - 2 scrolls of teleportation {unknown}
 g - a scroll of fog {unknown}
 h - a scroll of silence {unknown}
 k - a scroll of enchant armour {unknown}
 p - a scroll of butterflies {unknown}
 q - 2 scrolls of noise {unknown}
 r - 3 scrolls of amnesia
 t - 2 scrolls of poison
 v - a scroll of torment {unknown}
 w - a scroll of immolation {unknown}
 x - 3 scrolls of enchant weapon {unknown}
 z - a scroll of fear {unknown}
Potions
 b - 2 potions of magic
 i - a potion of berserk rage {unknown}
 l - 2 potions of curing
 m - 2 potions of might {unknown}
 o - a potion of lignification {unknown}
 s - a potion of brilliance {unknown}
 u - 2 potions of mutation {unknown}
 A - a potion of attraction {unknown}
 C - a potion of cancellation {unknown}
 F - a potion of heal wounds {unknown}


   Skills:
 + Level 5.0 Fighting
 + Level 6.9 Dodging
 - Level 2.4 Stealth
 + Level 4.8 Spellcasting
 + Level 6.8 Ice Magic


You had 12 spell levels left.
You knew the following spells:

 Your Spells              Type           Power      Damage    Failure   Level
a - Freeze                Ice            100%       1d10      1%          1
b - Frozen Ramparts       Ice            50%        1d8       2%          3

Your spell library contained the following spells:

 Spells                   Type           Power      Damage    Failure   Level
 Ozocubu's Armour         Ice            25%        N/A       2%          3
 Hailstorm                Conj/Ice       14%        3d5       12%         3
 Summon Ice Beast         Ice/Summ       14%        N/A       36%         4
 Dazzling Flash           Conj/Hex       6%         N/A       43%         3
 Agony                    Necr           3%         N/A       99%         5
 Silence                  Hex/Air        1%         N/A       99%         5


Dungeon Overview and Level Annotations

Branches:
Dungeon (6/15)             Temple (0/1) D:4

Altars:

Shops:
D:2 *?!   D:4 *   D:6 *

Portals:
Ossuary: D:6

Annotations:
D:3 Sigmund
D:4 1 runed translucent door, Brutalitops's ghost, amateur DgHs


Innate Abilities, Weirdness & Mutations

((You are very nimble when in or above water. (Stealth+, EV+, Speed+++)))
Your lower body shifts to a powerful aquatic tail in water.


Message History

You start putting on your armour.
You continue putting on your +0 pair of gloves. x4
You finish putting on your +0 pair of gloves.
Things that are here:
a +1 dagger of flaming; a +0 robe; an orc corpse You open the door.
A goblin zombie comes into view.
The goblin zombie hits you.
There is an open door here.
You hit the goblin zombie. You burn the goblin zombie.
The goblin zombie is moderately damaged.
You hear the hiss of an avalanche of sand.
The goblin zombie closely misses you.
You hit the goblin zombie. You burn the goblin zombie.
You destroy the goblin zombie!
The cyan ugly thing gurgles horribly!
There is an open door here.
The cyan ugly thing attacks as you move away!
The cyan ugly thing barely misses you.
The cyan ugly thing attacks as you move away!
The cyan ugly thing kicks you! The cyan ugly thing shocks you!
As you read the scroll labelled MECYPU BEXUUCH, it crumbles to dust.
It is a scroll of identify.
r - 3 scrolls of amnesia The cyan ugly thing closely misses you.
Unknown command.
The air fills with toxic fumes!
As you read the scroll labelled WOUCRA BOZA, it crumbles to dust.
It was a scroll of poison.
The cyan ugly thing kicks you. The cyan ugly thing shocks you!
* * * LOW HITPOINT WARNING * * *
Unknown command.
Really walk into that cloud of poison gas? [Y]es or [N]o only, please.
Really walk into that cloud of poison gas?
Okay, then.
The cyan ugly thing kicks you.
* * * LOW HITPOINT WARNING * * *
The cyan ugly thing shocks you!
You die...

..................
.......§§§§§§§§# ....
.......§§§§§§§§# ..§.
.......§§§§§§§§### .§§
.......§§§§§§§§§.##§§
.......§§§§§§§§###§#
.......§§§§§§§§##§§#
.......§§§§§§§u#§§§###
.......§§§§§§§@§§§§§§#
.......§§§§§§#§#§§§###
.......§§§§§.#§##§§##.
.......§§§§..#§###§#..........
.......§§§...#§§.##§§.........
..§§#####§###..§§........ .§.
#§##....§........
#§#..............
#.............#


You could see a cyan ugly thing.

Vanquished Creatures
  Pikel (D:5)
  A black bear (D:4)
  A gnoll sergeant (D:5)
  2 scorpions
  A jelly (D:6)
  A hound (D:6)
  3 iguanas (D:5)
  3 orc wizards
  A mummy (D:6)
  4 gnolls (D:5)
  5 adders
  A dart slug (D:4)
  15 orcs
  10 endoplasms
  4 giant cockroaches
  5 goblins
  9 hobgoblins
  4 jackals (D:1)
  4 quokkas
  6 ball pythons
  4 bats
  5 frilled lizards
  A goblin zombie (D:6)
  A hobgoblin zombie (D:6)
  3 kobolds
  3 rats
98 creatures vanquished.

Notes
Turn   | Place    | Note
-------+----------+-------------------------------------------
     0 | D:1      | PaiMei the Merfolk Ice Elementalist began the quest for the
                  | Orb.
     0 | D:1      | Reached XP level 1. HP: 13/13 MP: 3/3
   115 | D:1      | Reached XP level 2. HP: 18/19 MP: 0/5
   633 | D:1      | Reached XP level 3. HP: 15/25 MP: 2/6
  1108 | D:1      | You fall into a shaft and drop 1 floor!
  1204 | D:2      | Found Jinwumi's Assorted Antiques.
  1343 | D:2      | Found Fim Seva's Magic Scroll Boutique.
  1459 | D:2      | Found Fasaf's Distillery.
  1468 | D:2      | Bought a potion of curing for 33 gold pieces
  1488 | D:2      | Reached skill level 1 in Fighting
  1778 | D:3      | Noticed Sigmund
  2361 | D:3      | Reached XP level 4. HP: 32/32 MP: 4/7
  3025 | D:4      | Noticed a black bear
  3129 | D:4      | Learned a level 3 spell: Frozen Ramparts
  3220 | D:4      | Killed a black bear
  3221 | D:4      | Reached skill level 5 in Ice Magic
  3221 | D:4      | Reached XP level 5. HP: 22/39 MP: 1/9
  3300 | D:4      | Found Gaebiga's Overcharged Wands.
  3319 | D:4      | Reached XP level 6. HP: 46/46 MP: 3/10
  3518 | D:4      | Found a staircase to the Ecumenical Temple.
  4158 | D:4      | Found a runed translucent door.
  4166 | D:4      | Noticed Brutalitops's ghost (amateur DgHs)
  4529 | D:5      | Entered Level 5 of the Dungeon
  4600 | D:5      | Reached skill level 5 in Dodging
  4724 | D:5      | Reached XP level 7. HP: 32/52 MP: 4/12
  5898 | D:5      | Noticed Pikel
  6049 | D:5      | Killed Pikel
  6050 | D:5      | Reached XP level 8. HP: 19/61 MP: 2/15
  6269 | D:6      | Noticed a cyan ugly thing
  6269 | D:6      | Found Igefa's Assorted Antiques.
  6355 | D:6      | Found a sand-covered staircase.
  6428 | D:6      | Reached skill level 5 in Fighting
  6582 | D:6      | Slain by a cyan ugly thing

Illustrated notes

Levels and vault maps discovered:
D:1:      heliophobic_arrival_battle_scene, layout_loops_ring
D:2:      layout_loops_ring, serial_shops, nicolae_shop_pleasant_corner_grove,
          shop, shop
D:3:      layout_rooms, kennysheep_nub, uniq_sigmund
D:4:      layout_basic, minmay_temple_entry_crystal_x,
          ebering_ghost_reflecting_pool, nicolae_shop_overcharged_wands
D:5:      layout_loops_ring, uniq_pikel
D:6:      layout_basic, mainiacjoe_overflow_brackets,
          nicolae_ossuary_entry_giza, nicolae_stop_n_shop_2

Skill      XL: |  1  2  3  4  5  6  7  8 |
---------------+-------------------------+-----
Dodging        | 3 4 5 6 |  6.9
Fighting       | 1 2 3 4 5 |  5.0
Spellcasting   | 3 4 |  4.8
Ice Magic      | 5 6 |  6.8
Stealth        | |  2.4

Action                     |  1- 3 |  4- 6 |  7- 9 || total
---------------------------+-------+-------+-------++-------
  Melee: Club              |    23 |       |       ||    23
         Unarmed           |     1 |       |       ||     1
         Dagger            |    55 |    44 |     9 ||   108
         Punch             |     2 |       |     1 ||     3
         Whip              |       |       |    23 ||    23
   Cast: Freeze            |    39 |    41 |    35 ||   115
         Frozen Ramparts   |       |     6 |     7 ||    13
    Use: Scroll            |       |       |     2 ||     2
   Stab: Sleeping          |     3 |     1 |     2 ||     6
         Distracted        |     1 |     1 |       ||     2
 Armour: Robe              |    19 |     5 |     8 ||    32
  Dodge: Dodged            |    87 |    50 |    34 ||   171
